AoeStats
← Atilanga

Arabia

509484135Analyzed
1v1 RM · 5d ago on Sep 26, 2026· 30m 19s· 2 players
Game mode
Random Map
Map size
Tiny (2 player)
Population
200
Speed
Normal
Resources
Standard
Victory
Conquest
Starting age
Dark Age
Ending age
Imperial Age
RankedLock teamsTeams togetherTeam positionsShared explorationLock speedFull tech treeHidden civsTurbo modeCheats
Victory
Defeat
🇦🇷 Romans · Argentina
1071
+16
🇳🇮 Hindustanis · Nicaragua
1072
-16
Atilanga
8:27 Loom
11:28 Feudal Age
13:40 Man-at-Arms
18:04 Double-Bit Axe
18:31 Fletching
18:43 Padded Archer Armor
19:10 Town Watch
26:37 Castle Age
25:33 Scale Barding Armor
26:11 Bloodlines
28:17 Forging
30:28 Iron Casting
lord_blandon
2:06 Loom
2:11 Loom
11:03 Feudal Age
18:29 Double-Bit Axe
19:43 Wheelbarrow
20:05 Fletching
20:16 Padded Archer Armor
26:02 Horse Collar
29:56 Castle Age
Connection lost

Rejoining the realm…

Still unreachable

The connection could not be restored.

Session expired

The server has moved on; the page needs a fresh start.